 Dungeon Crawl Stone Soup version 0.22-b1-21-g5cfc168 (webtiles) character file.

68 Gorglomux the Ruffian (level 4, 0/42 HPs)
             Began as a Troll Wizard on Aug 3, 2018.
             Slain by a hobgoblin
             ... wielding a +0 club
             ... led by Robin
              (2 damage)
             ... on level 2 of the Dungeon.
             The game lasted 00:00:33 (1768 turns).

Gorglomux the Ruffian (Troll Wizard)                Turns: 1768, Time: 00:00:34

Health: 0/42       AC:  5    Str: 16    XL:     4   Next: 1%
Magic:  6/6        EV:  9    Int: 14    God:
Gold:   93         SH:  0    Dex:  8    Spells: 6/7 levels left

rFire    . . .     SeeInvis .     - Unarmed
rCold    . . .     Gourm    +   (no shield)
rNeg     . . .     Faith    .   a - +0 robe
rPois    .         Spirit   .   b - +0 hat
rElec    .         Reflect  .   (no cloak)
rCorr    .         Harm     .   (gloves unavailable)
MR       .....                  (boots unavailable)
Stlth    +.........             (no amulet)
HPRegen  0.54/turn              (no ring)
MPRegen  0.10/turn              (no ring)

@: no status effects
A: large, unfitting armour, claws 3, fast metabolism 3, gourmand, regeneration
1, shaggy fur 1, tough skin 2
a: no special abilities


You were on level 2 of the Dungeon.
You were full.

You visited 1 branch of the dungeon, and saw 2 of its levels.

You collected 93 gold pieces.

Inventory:

Armour
 a - a +0 robe (worn)
 b - a +0 hat (worn)
Scrolls
 e - 2 scrolls of identify {unknown}
 g - a scroll of immolation {unknown}
 j - a scroll of random uselessness {unknown}
 l - 2 scrolls of remove curse {unknown}
 n - 3 scrolls of magic mapping {unknown}
 o - a scroll of teleportation {unknown}
 p - a scroll of blinking {unknown}
Potions
 f - a potion of degeneration {unknown}
 h - a potion of resistance {unknown}
 i - a potion of haste {unknown}
 k - a potion of curing {unknown}
 m - a potion of brilliance {unknown}
Comestibles
 d - 3 rations


   Skills:
 + Level 2.0 Fighting
 - Level 1.5 Dodging
 - Level 1.0 Stealth
 + Level 2.4 Unarmed Combat
 - Level 2.0 Spellcasting
 - Level 0.6 Conjurations
   Level 0.6 Summonings
   Level 0.6 Translocations


You had 6 spell levels left.
You knew the following spells:

 Your Spells              Type           Power        Failure   Level  Hunger
a - Magic Dart            Conj           #...         19%         1    ##.....

Your spell library contained the following spells:

 Spells                   Type           Power        Failure   Level  Hunger
 Conjure Flame            Conj/Fire      #.......     54%         3    ####...
 Slow                     Hex            #.......     34%         2    ###....
 Mephitic Cloud           Conj/Pois/Air  #.......     54%         3    ####...
 Blink                    Tloc           N/A          28%         2    ###....
 Call Imp                 Summ           #.......     28%         2    ###....


Dungeon Overview and Level Annotations

Branches:
Dungeon (2/15)

Altars:

Annotations:
D:2 1 runed door


Innate Abilities, Weirdness & Mutations

You are too large for most types of armour.
You have claws for hands.
Your metabolism is lightning-fast.
You like to eat raw meat.
Your natural rate of healing is unusually fast.
You are covered in fur. (AC +1)
You have very tough skin. (AC +2)


Message History

There are monsters nearby!!!
You are too injured to fight recklessly!!!
You are too injured to fight recklessly!!!
You are too injured to fight recklessly!!!
You are too injured to fight recklessly!!!
You are too injured to fight recklessly!!!
Unknown command!
You miss the goblin!
The goblin is severely wounded!
The goblin hits you! * * * don't die
* * * The hobgoblin hits you with a club! * * * don'butt die
* * * Butt command!
You miss the goblin!
The goblin is severely wounded!
The goblin hits you! * * * don't die
* * * The hobgoblin hits you with a club! rip

..#####.##................... ...
..#####.##..................#####
....(...##..#####.#.####..#.#
..########..#####.#.# #..#.#
...............##.#.# #.....
..#########.......#.# ....#
#.#####.#.# #### ..#.#
#.#####g#.# .... ....#
#...)g@ggg# .... .####
#.#####g#g.... #### .# #.. .# ###
#### .# #.# .. #... .# #.# .##
#### .# #.# .# .. ... .# ## #. .#
### ...


You could see 4 hobgoblins and 3 goblins.

Vanquished Creatures
  Robin (D:2)
  3 worms (D:2)
  A dart slug (D:1)
  2 leopard geckos (D:2)
  5 bats
  2 giant cockroaches
  7 goblins
  5 hobgoblins
  4 jackals (D:2)
  A quokka (D:2)
  2 frilled lizards (D:2)
  4 kobolds
  3 rats
40 creatures vanquished.

Notes
Turn   | Place    | Note
-------+----------+-------------------------------------------
     0 | D:1      | Gorglomux the Troll Wizard began the quest for the Orb.
     0 | D:1      | Reached XP level 1. HP: 16/16 MP: 2/2
   605 | D:1      | Reached skill level 1 in Unarmed Combat
   647 | D:1      | Reached XP level 2. HP: 26/26 MP: 4/4
   948 | D:1      | Reached skill level 1 in Fighting
  1129 | D:2      | Reached XP level 3. HP: 33/33 MP: 5/5
  1666 | D:2      | Found a runed door.
  1745 | D:2      | Noticed Robin
  1762 | D:2      | Killed Robin
  1762 | D:2      | Reached XP level 4. HP: 28/42 MP: 6/6
  1768 | D:2      | HP: 2/42 [goblin[Robin] (2)]
  1768 | D:2      | Slain by a hobgoblin

Skill      XL: |  1  2  3 |
---------------+----------+-----
Unarmed Combat | 1 2 |  2.4
Fighting       | 1 2 |  2.0
Dodging        | |  1.5
Stealth        | |  1.0
Spellcasting   | |  2.0
Conjurations   | |  0.6
Summonings     | |  0.6
Translocations | |  0.6

Action                   |  1- 3 |  4- 6 || total
-------------------------+-------+-------++-------
Melee: Unarmed           |   156 |     6 ||   162
 Stab: Sleeping          |     3 |       ||     3
  Eat: Chunk             |    19 |       ||    19
Armor: Robe              |    79 |     5 ||    84
Dodge: Dodged            |    84 |     8 ||    92
